 Dungeon Crawl Stone Soup version 0.31-a0-844-gdc52ec4e09 (webtiles) character file.

Game seed: 15462658920051034823

945 luckyleol the Cudgeller (level 7, -6/61 HPs)
             Began as a Minotaur Fighter on Sept 28, 2023.
             Was a Follower of Okawaru.
             Mangled by a +3 heavy quarterstaff (17 damage)
             ... created by the rancor of the Wu Jian Council
             ... on level 5 of the Dungeon.
             The game lasted 00:13:45 (3878 turns).

luckyleol the Cudgeller (Minotaur Fighter)          Turns: 3878, Time: 00:13:46

Health: -6/61      AC:  7    Str: 22    XL:     7   Next: 89%
Magic:  6/6        EV: 10    Int:  5    God:    Okawaru [*.....]
Gold:   216        SH:  4    Dex: 10    Spells: 6/6 levels left

rFire   . . .        m - +1 mace (heavy)
rCold   . . .        c - +0 buckler
rNeg    . . .        b - +0 scale mail
rPois   .            (helmet restricted)
rElec   .            (no cloak)
rCorr   .            (no gloves)
SInv    .            (no boots)
Will    .....        (no amulet) Stlth
                     (no ring)
HPRegen 0.30/turn    (no ring)
MPRegen 0.10/turn

%: no passive effects
@: mighty
A: horns 2, retaliatory headbutt
a: Renounce Religion, Heroism


You were on level 5 of the Dungeon.
You worshipped Okawaru.
Okawaru was aware of your devotion.
You visited 2 branches of the dungeon, and saw 6 of its levels.

You collected 231 gold pieces.
You donated 15 gold pieces to Zin.

Inventory:

Hand Weapons
 a - a +0 war axe
 m - a +1 heavy mace (weapon)
 s - a +2 flail of protection
Missiles
 h - a javelin (quivered)
 y - 2 throwing nets
Armour
 b - a +0 scale mail (worn)
 c - a +0 buckler (worn)
 k - a +0 cloak
Jewellery
 v - an amulet of the acrobat
Wands
 w - a wand of flame (21)
Scrolls
 e - 5 scrolls of identify
 g - 2 scrolls of immolation {unknown}
 i - 2 scrolls of amnesia
 l - a scroll of blinking {unknown}
 n - 2 scrolls of vulnerability {unknown}
 p - a scroll of noise {unknown}
 r - a scroll of brand weapon {unknown}
 t - a scroll of teleportation
 u - a scroll of enchant weapon {unknown}
Potions
 f - 3 potions of magic
 j - a potion of mutation {unknown}
 q - a potion of heal wounds {unknown}
 x - a potion of haste {unknown}


   Skills:
 + Level 5.2 Fighting
 - Level 3.3(5.4) Axes
 * Level 6.6(7.0) Maces & Flails
 + Level 0.1 Throwing
 + Level 6.5 Armour
 + Level 2.5 Dodging
 + Level 0.4 Stealth
 + Level 4.7 Shields


You had 6 spell levels left.
You didn't know any spells.
Your spell library was empty.

Dungeon Overview and Level Annotations

Branches:
Dungeon (5/15)             Temple (1/1) D:5

Altars:
Ashenzari
Cheibriados
Dithmenos
Elyvilon
Fedhas
Gozag
Hepliaklqana
Makhleb
Nemelex Xobeh
Okawaru
Qazlal
Ru
Sif Muna
Trog
Vehumet
Wu Jian
Xom
Yredelemnul
Zin
The Shining One

Shops:
D:2 *   D:3 [?*:?


Innate Abilities, Weirdness & Mutations

You have a pair of horns on your head.
You reflexively headbutt those who attack you in melee.


Message History

Found 5 stones.
You open the door.
There is an open door here.
There is a large open door here.
There is a large open door here.
Found a ring mail.
There is an open door here.
No target in view!
No target in view!
Found a stone staircase leading up.
No target in view!
There is a stone staircase leading up here.
Found a stone staircase leading down.
Found a robe.
There is a stone staircase leading down here.
There is a stone staircase leading down here.
Sifu Lu Zhishen whispers: Nowhere to run...
A +3 heavy quarterstaff, a +3 heavy rapier, a +1 heavy quarterstaff and a +2 broad axe of electrocution come into view.
You hit the +2 broad axe of electrocution.
The +2 broad axe of electrocution is lightly damaged.
You thump the +2 broad axe of electrocution!
You destroy the +2 broad axe of electrocution!
That felt strangely unrewarding.
The +3 heavy rapier hits you.
You hit the +3 heavy quarterstaff.
You headbutt the +3 heavy quarterstaff, but do no damage.
The +3 heavy quarterstaff is lightly damaged.
You feel yourself speed up. The +3 heavy quarterstaff hits you!
The +1 heavy quarterstaff hits you! The +3 heavy rapier hits you!
The +3 heavy quarterstaff misses you. The +1 heavy quarterstaff hits you!
* * * LOW HITPOINT WARNING * * *
You feel better. The +3 heavy rapier hits you.
You feel better. The +3 heavy quarterstaff hits you!
The +1 heavy quarterstaff hits you.
You feel very mighty all of a sudden. The +3 heavy rapier hits you!
* * * LOW HITPOINT WARNING * * *
You closely miss the +3 heavy quarterstaff.
The +3 heavy quarterstaff hits you!
You die...

#..........#
#..........#
#..........#
#..........#
#..........#
#......[...#
#......((..#
#########......(@.$#
..............>#####
##############.# #.#
#.# # #.# # #.# ...
#.# ... #.#


You could see 3 dancing weapons.

Vanquished Creatures
  A dancing weapon (D:5)
  Edmund (D:5)
  A water moccasin (D:5)
  A black bear (D:4)
  A phantom (D:4)
  An ogre (D:5)
  A gnoll sergeant (D:5)
  A scorpion (D:5)
  A jelly (D:5)
  A hound (D:5)
  Ijyb (D:5)
  2 iguanas (D:5)
  An orc wizard (D:5)
  4 adders
  3 gnolls (D:5)
  An ufetubus (D:5)
  3 worms
  A dart slug (D:1)
  4 orcs (D:5)
  11 ball pythons
  6 bats
  9 endoplasms
  5 giant cockroaches
  17 goblins
  10 hobgoblins
  11 jackals
  3 quokkas
  4 frilled lizards
  5 kobolds
  8 rats
119 creatures vanquished.

Notes
Turn   | Place    | Note
-------+----------+-------------------------------------------
     0 | D:1      | luckyleol the Minotaur Fighter began the quest for the Orb.
     0 | D:1      | Reached XP level 1. HP: 19/19 MP: 0/0
   207 | D:1      | Reached XP level 2. HP: 27/27 MP: 1/1
   602 | D:1      | Reached XP level 3. HP: 33/33 MP: 2/2
  1142 | D:1      | Found a glowing golden altar of the Shining One.
  1537 | D:2      | Reached XP level 4. HP: 40/40 MP: 3/3
  1907 | D:2      | Found Kilija's Assorted Antiques.
  2062 | D:3      | Found Woesyots's Book Emporium.
  2171 | D:3      | Found Pets's Assorted Antiques.
  2229 | D:3      | Reached skill level 1 in Maces & Flails
  2280 | D:3      | Found Hebiromn's Magic Scroll Boutique.
  2284 | D:3      | Found a shimmering blue altar of Sif Muna.
  2428 | D:3      | Found Pesaqav's Magic Scroll Shop.
  2431 | D:3      | Found Boumi's Armour Emporium.
  2458 | D:3      | Found a glowing silver altar of Zin.
  2462 | D:3      | Became a worshipper of Zin the Law-Giver
  2462 | D:3      | Reached * piety under Zin
  2500 | D:4      | Noticed a black bear
  2503 | D:4      | Killed a black bear
  2504 | D:4      | Reached XP level 5. HP: 45/47 MP: 4/4
  2542 | D:4      | Noticed a phantom
  2551 | D:4      | Killed a phantom
  2552 | D:4      | Reached skill level 5 in Armour
  2552 | D:4      | Reached skill level 1 in Dodging
  2552 | D:4      | Reached XP level 6. HP: 42/53 MP: 5/5
  2673 | D:4      | Found a shadowy altar of Dithmenos.
  2674 | D:4      | Found an ornate altar of the Wu Jian Council.
  2674 | D:4      | Found a sacrificial altar of Ru.
  3058 | D:4      | Fell from the grace of Zin
  3058 | D:4      | Became a worshipper of the Wu Jian Council
  3093 | D:5      | Entered Level 5 of the Dungeon
  3093 | D:5      | Found a staircase to the Ecumenical Temple.
  3105 | Temple   | Entered the Ecumenical Temple
  3124 | Temple   | Fell from the grace of Wu Jian
  3124 | Temple   | Became a worshipper of Warmaster Okawaru
  3172 | D:5      | Noticed a water moccasin
  3179 | D:5      | Killed a water moccasin
  3183 | D:5      | Reached skill level 5 in Maces & Flails
  3277 | D:5      | Noticed Edmund
  3285 | D:5      | Killed Edmund
  3285 | D:5      | Reached * piety under Okawaru
  3286 | D:5      | Reached XP level 7. HP: 27/60 MP: 6/6
  3418 | D:5      | Found a hazy altar of Hepliaklqana.
  3441 | D:5      | Found an opulent altar of Gozag.
  3444 | D:5      | Reached skill level 5 in Fighting
  3591 | D:5      | Noticed Ijyb
  3599 | D:5      | Killed Ijyb
  3872 | D:5      | Noticed a +3 heavy quarterstaff
  3872 | D:5      | Noticed a +3 heavy rapier
  3872 | D:5      | Noticed a +1 heavy quarterstaff
  3872 | D:5      | Noticed a +2 broad axe of electrocution
  3873 | D:5      | Killed a +2 broad axe of electrocution
  3878 | D:5      | Mangled by a +3 heavy quarterstaff

Illustrated notes

Levels and vault maps discovered:
D:1:      dpeg_arrival_water_altar, layout_loops_ring, serial_co_window_serial,
          co_window_paths_a, co_window_corner_a, co_window_of_opportunity_a,
          co_window_corner_a, co_window_paths_b, co_window_paths_a,
          co_window_of_opportunity_a, co_window_broadway_c,
          co_window_broadway_a, co_window_cross_4, glass_columns_a,
          glass_columns_b
D:2:      cheibrodos_greedy_goblins, layout_basic, serial_shops,
          nicolae_shop_tiny_waterfront
D:3:      layout_rooms, zin_scriptorium, lemuel_doored_altar, serial_shops,
          shop, nicolae_shop_window_shopping, nicolae_square_shop,
          nicolae_shop_pleasant_corner_grove, shop,
          chequers_serial_rivers_room_b
D:4:      layout_rooms, gammafunk_temple_overflow_claw
D:5:      layout_basic, lemuel_crystal_altar, general_overflow_altar,
          minmay_temple_entry_stoned_glass, uniq_edmund, uniq_ijyb
Temple:   hc_temple_tempest_star

Skill      XL: |  1  2  3  4  5  6  7 |
---------------+----------------------+-----
Fighting       | 4 5 |  5.2
Armour         | 4 5 6 |  6.5
Shields        | 4 |  4.7
Axes           | 3 |  3.3
Maces & Flails | 3 5 6 |  6.6
Dodging        | 1 2 |  2.5
Throwing       | |  0.1
Stealth        | |  0.4

Action                     |  1- 3 |  4- 6 |  7- 9 || total
---------------------------+-------+-------+-------++-------
  Melee: War axe           |    83 |     1 |       ||    84
         Headbutt          |    12 |     8 |     8 ||    28
         Mace              |       |   111 |    38 ||   149
  Throw: Javelin           |     3 |     1 |       ||     4
    Use: Scroll            |     3 |       |       ||     3
         Potion            |     2 |       |     3 ||     5
 Armour: Scale mail        |    45 |   124 |    42 ||   211
  Dodge: Dodged            |    29 |    78 |    24 ||   131
  Block: Buckler           |    15 |    35 |    13 ||    63

Table legend: (Time is in decaauts)
 A = Elapsed time spent in this place.
 B = Non-inter-level travel time spent in this place.
 C = Inter-level travel time spent in this place.
 D = Time resting spent in this place.
 E = Time spent auto-exploring this place.
 F = Levels seen in this place.
 G = Mean time per level.
                   A        B        C        D        E       F      G
               +--------+--------+--------+--------+--------+-----+--------+
         Total |   4048 |   3974 |     74 |    187 |   2765 |   6 |  674.7 |
       Dungeon |   3985 |   3911 |     74 |    187 |   2765 |   5 |  797.0 |
        Temple |     62 |     62 |      0 |      0 |      0 |   1 |   62.0 |
               +--------+--------+--------+--------+--------+-----+--------+

Top non-repeatable levels by time:
     D:1: 1295 daAuts
     D:2: 781 daAuts
     D:5: 761 daAuts
     D:4: 625 daAuts
     D:3: 521 daAuts
  Temple: 62 daAuts
